 Dungeon Crawl Stone Soup version 0.30-a0-691-g754fce4c43 (webtiles) character file.

Game seed: 1067486838158637804

139 Leeroy the Slasher (level 5, -1/30 HPs)
             Began as a Tengu Warper on Jan 19, 2023.
             Slain by a kobold brigand
             ... wielding a +0 club
              (6 damage)
             ... on level 4 of the Dungeon.
             The game lasted 00:02:32 (2791 turns).

Leeroy the Slasher (Tengu Warper)                   Turns: 2791, Time: 00:02:32

Health: -1/30      AC:  3    Str: 11    XL:     5   Next: 22%
Magic:  9/9        EV: 14    Int: 13    God:
Gold:   163        SH:  0    Dex: 16    Spells: 8/8 levels left

rFire   . . .      SeeInvis .    a - +0 falchion
rCold   . . .      Faith    .    (no shield)
rNeg    . . .      Spirit   .    b - +0 leather armour
rPois   .          Reflect  .    (helmet restricted)
rElec   .          Harm     .    (no cloak)
rCorr   .          Rampage  .    (no gloves)
Will    .....                    (boots unavailable)
Stlth   +                        w - amulet of the acrobat
HPRegen 0.25/turn                (no ring)
MPRegen 0.11/turn                (no ring)

@: flying quickly and evasively, quick
A: beak, talons 3, nimble flight
a: no special abilities


You were on level 4 of the Dungeon.
You visited 1 branch of the dungeon, and saw 4 of its levels.

You collected 163 gold pieces.

Inventory:

Hand Weapons
 a - a +0 falchion (weapon)
Missiles
 d - 7 boomerangs of dispersal (quivered)
 h - 4 boomerangs
Armour
 b - a +0 leather armour (worn)
Magical Staves
 j - a staff of poison
 t - a staff of earth
Jewellery
 w - an amulet of the acrobat (around neck)
Wands
 n - a wand of polymorph (4)
 z - a wand of iceblast (9)
Scrolls
 c - a scroll of blinking
 e - a scroll of amnesia {unknown}
 g - a scroll of enchant weapon {unknown}
 k - a scroll of magic mapping {unknown}
 o - 5 scrolls of identify {unknown}
 p - a scroll of teleportation {unknown}
 q - a scroll of vulnerability {unknown}
 r - a scroll of fear {unknown}
 s - a scroll of noise {unknown}
 u - a scroll of immolation {unknown}
 y - a scroll of torment {unknown}
Potions
 f - a potion of heal wounds {unknown}
 i - 3 potions of curing {unknown}
 l - a potion of resistance {unknown}
 m - a potion of degeneration {unknown}
 v - 2 potions of attraction {unknown}
 x - 2 potions of magic {unknown}


   Skills:
 - Level 2.0 Fighting
 + Level 5.7 Long Blades
 - Level 1.0 Throwing
 - Level 1.1 Armour
 - Level 2.1 Dodging
 - Level 2.0 Spellcasting
 - Level 2.4 Translocations
 + Level 0.4 Evocations


You had 8 spell levels left.
You didn't know any spells.
Your spell library contained the following spells:

 Spells                   Type           Power      Damage    Failure   Level
 Blink                    Tloc           14%        N/A       19%         2
 Lesser Beckoning         Tloc           14%        N/A       19%         2
 Gell's Gravitas          Tloc           7%         N/A       36%         3
 Teleport Other           Tloc           7%         N/A       36%         3
 Vhi's Electric Charge    Tloc/Air       8%         N/A       52%         3
 Manifold Assault         Tloc           7%         N/A       77%         4


Dungeon Overview and Level Annotations

Branches:
Dungeon (4/15)
 Temple: D:4-7

Altars:
Fedhas
Nemelex Xobeh

Shops:
D:3 =


Innate Abilities, Weirdness & Mutations

You have a beak for a mouth.
You have claws for feet.
Your magical nature lets you fly swiftly and evasively.


Message History

A kobold brigand is nearby!
The kobold brigand throws a poisoned dart.
The poisoned dart closely misses you.
The kobold brigand completely misses you.
You see here a +0 dagger.
You closely miss the kobold brigand.
You claw the kobold brigand, but do no damage.
Your peck misses the kobold brigand. The kobold misses you.
The kobold brigand barely misses you.
You closely miss the kobold brigand. Your kick misses the kobold brigand.
Your peck misses the kobold brigand. The kobold misses you.
The kobold brigand barely misses you.
You hit the kobold brigand. Your kick misses the kobold brigand.
You peck the kobold brigand.
The kobold brigand is lightly wounded.
The kobold brigand hits you with a +0 club!
The kobold hits you with a +0 club.
You barely miss the kobold brigand. You claw the kobold brigand.
You peck the kobold brigand.
The kobold brigand is moderately wounded.
The kobold brigand hits you with a +0 club.
The kobold hits you but does no damage.
You completely miss the kobold brigand.
You claw the kobold brigand, but do no damage.
The kobold brigand is moderately wounded.
The kobold barely misses you.
The kobold brigand hits you with a +0 club.
You completely miss the kobold brigand. Your kick misses the kobold brigand.
The kobold brigand is moderately wounded.
The kobold hits you with a +0 club. The kobold brigand barely misses you.
You hit the kobold brigand. You claw the kobold brigand.
The kobold brigand is severely wounded.
The kobold brigand hits you with a +0 club.
* * * LOW HITPOINT WARNING * * *
The kobold closely misses you.
You miss the kobold brigand. You claw the kobold brigand.
Your peck misses the kobold brigand.
The kobold brigand is severely wounded.
The kobold brigand hits you with a +0 club.
You die...

#.# #.#
#.###########
#...........)
##
#~~~###..#####
~~~~~~~~ ##.#
##~~~≈~~ #.##
###≈≈≈####..#
...#####).@).#
#......).KK..#
###.....######
#######


You could see a kobold brigand and a kobold.

Vanquished Creatures
  Terence (D:2)
  6 adders
  2 worms (D:2)
  A dart slug (D:1)
  2 orcs (D:3)
  7 ball pythons
  3 endoplasms
  2 giant cockroaches
  6 hobgoblins
  6 kobolds
  A bat (D:2)
  3 frilled lizards
  8 goblins
  3 rats
51 creatures vanquished.

Notes
Turn   | Place    | Note
-------+----------+-------------------------------------------
     0 | D:1      | Leeroy the Tengu Warper began the quest for the Orb.
     0 | D:1      | Reached XP level 1. HP: 12/12 MP: 4/4
   191 | D:1      | Reached skill level 3 in Long Blades
   191 | D:1      | Reached XP level 2. HP: 13/17 MP: 6/6
   598 | D:2      | Reached XP level 3. HP: 18/21 MP: 7/7
   623 | D:2      | Reached skill level 4 in Long Blades
  1118 | D:2      | Noticed Terence
  1257 | D:2      | Killed Terence
  1258 | D:2      | Reached XP level 4. HP: 10/26 MP: 8/8
  1474 | D:2      | Reached skill level 5 in Long Blades
  1652 | D:3      | Found a blossoming altar of Fedhas.
  1654 | D:3      | Found Orisik's Jewellery Shop.
  1709 | D:3      | Found a sparkling altar of Nemelex Xobeh.
  2075 | D:3      | Gained mutation: Your magical nature lets you fly swiftly
                  | and evasively. [Tengu growth]
  2075 | D:3      | Reached XP level 5. HP: 24/30 MP: 9/9
  2235 | D:3      | Found a faded altar of an unknown god.
  2772 | D:4      | Noticed a kobold brigand
  2791 | D:4      | Slain by a kobold brigand

Illustrated notes

Levels and vault maps discovered:
D:1:      shiori_shiawase, layout_rooms, grunt_decor_one_mirror,
          dk_noncrumbling_2, st_stairs_3, minmay_parallelograms
D:2:      layout_basic, uniq_terence
D:3:      layout_loops_corners, mainiacjoe_overflow_catwalk,
          fedhas_ov_isle_minmay, serial_shops, shop,
          hellmonk_ecumenical_altar_lost_god, hex_tiny, kennysheep_nub,
          grunt_decor_resistance
D:4:      cheibrodos_thug_alley, layout_basic,
          mainiacjoe_overflow_small_starburst, serial_shops, shop,
          minmay_manual_mullet

Skill      XL: |  1  2  3  4 |
---------------+-------------+-----
Long Blades    | 3 4 5 |  5.7
Fighting       | |  2.0
Throwing       | |  1.0
Armour         | |  1.1
Dodging        | |  2.1
Spellcasting   | |  2.0
Translocations | |  2.4
Evocations     | |  0.4

Action                   |  1- 3 |  4- 6 || total
-------------------------+-------+-------++-------
Melee: Falchion          |    72 |    58 ||   130
       Kick              |    18 |    20 ||    38
       Peck              |     7 |    11 ||    18
       Unarmed           |    10 |       ||    10
Evoke: Wand              |     3 |       ||     3
 Stab: Sleeping          |       |     2 ||     2
Armor: Leather armour    |    18 |     7 ||    25
Dodge: Dodged            |    46 |    35 ||    81

Table legend: (Time is in decaauts)
 A = Elapsed time spent in this place.
 B = Non-inter-level travel time spent in this place.
 C = Inter-level travel time spent in this place.
 D = Time resting spent in this place.
 E = Time spent auto-exploring this place.
 F = Levels seen in this place.
 G = Mean time per level.
                   A        B        C        D        E       F      G
               +--------+--------+--------+--------+--------+-----+--------+
         Total |   2728 |   2618 |    110 |     25 |   2162 |   4 |  682.0 |
       Dungeon |   2728 |   2618 |    110 |     25 |   2162 |   4 |  682.0 |
               +--------+--------+--------+--------+--------+-----+--------+

Top non-repeatable levels by time:
     D:2: 1060 daAuts
     D:3: 994 daAuts
     D:1: 586 daAuts
     D:4: 87 daAuts
